 Dungeon Crawl Stone Soup version 0.19-a0-1513-gf6d23ed (webtiles) character file.

3260 TheGoonsmith the Slicer (level 9, -10/42 HPs)
             Began as a Spriggan Enchanter on Sept 12, 2016.
             Was a Follower of Ashenzari.
             Killed by divine providence
             ... invoked by an orc priest
              (14 damage)
             ... on level 8 of the Dungeon.
             The game lasted 00:28:25 (11731 turns).

TheGoonsmith the Slicer (Spriggan Enchanter)       Turns: 11731, Time: 00:28:26

Health: -10/42     AC: 10    Str:  5    XL:     9   Next: 68%
Magic:  14/19      EV: 25    Int: 18    God:    Ashenzari [*.....]
Gold:   505        SH:  0    Dex: 22    Spells: 3 memorised, 12 levels left

rFire  . . .     SeeInvis +     a - +1 dagger (protect)
rCold  . . .     Gourm    .     E - +1 robe (curse)
rNeg   . . .     Faith    .     (shield restricted)
rPois  .         Spirit   .     (helmet restricted)
rElec  .         Dismiss  .     p - +1 cloak (curse)
rCorr  .         Reflect  .     (gloves unavailable)
MR     ++...     Harm     .     (boots unavailable)
Stlth  ++++......               (no amulet)
                                t - ring of protection from magic
                                v - +5 ring of dexterity (curse)

@: very quick
A: unfitting armour, see invisible, herbivore 3, speed 3, slow metabolism 2
a: Curse Item, Scrying, Renounce Religion


You were on level 8 of the Dungeon.
You worshipped Ashenzari.
Ashenzari was aware of your devotion.
You were not hungry.

You visited 1 branch of the dungeon, and saw 8 of its levels.

You collected 505 gold pieces.

Inventory:

Hand Weapons
 a - a +1 dagger of protection (weapon)
 b - a +2 war axe of electrocution
 g - a +1 dagger
 M - a +0 dagger of speed
 N - a +0 blowgun
 O - a +0 dagger of pain
 P - a +0 rapier
Missiles
 m - 60 poisoned needles
 u - 2 throwing nets (quivered)
 I - 55 arrows
Armour
 p - a cursed +1 cloak (worn)
 E - a cursed +1 robe (worn)
Jewellery
 f - an uncursed ring of protection from fire
 t - a ring of protection from magic (right hand)
 v - a cursed +5 ring of dexterity (left hand)
 G - an uncursed amulet of magic regeneration
 J - an uncursed ring of ice
Wands
 s - a wand of flame (11/48)
 C - a wand of random effects (0/48)
 K - a wand of polymorph (16/24)
 L - a wand of iceblast (3/15)
Scrolls
 i - 4 scrolls of teleportation
 q - 3 scrolls of blinking
 r - a scroll of identify
 w - 3 scrolls of magic mapping
 x - 4 scrolls of remove curse
 y - 3 scrolls of amnesia
Potions
 h - 2 potions of ambrosia
 j - a potion of resistance
 k - a potion of flight {unknown}
 l - 3 potions of curing
 n - 2 potions of berserk rage
 o - a potion of invisibility
 z - a potion of haste {unknown}
 A - 3 potions of heal wounds {unknown}
 B - 2 potions of agility {unknown}
 H - a potion of mutation {unknown}
 Q - 2 potions of lignification {unknown}
Books
 c - a book of Maledictions

   Spells                             Type                      Level
   a - Corona                         Hexes                        1
   b - Ensorcelled Hibernation        Hexes/Ice                    2
   c - Confuse                        Hexes                        3
   d - Tukima's Dance                 Hexes                        3
   e - Dazzling Spray                 Conjuration/Hexes            3
 e - a book of Changes

   Spells                             Type                      Level
   a - Beastly Appendage              Transmutation                1
   b - Sticks to Snakes               Transmutation                2
   c - Spider Form                    Transmutation/Poison         3
   d - Ice Form                       Ice/Transmutation            4
   e - Blade Hands                    Transmutation                5
 D - a book of the Tempests

   Spells                             Type                      Level
   a - Static Discharge               Conjuration/Air              3
   b - Lightning Bolt                 Conjuration/Air              5
   c - Fireball                       Conjuration/Fire             5
   d - Tornado                        Air                          9
   e - Shatter                        Earth                        9
Comestibles
 d - 9 bread rations
 F - 2 slices of pizza


   Skills:
 - Level 2.0 Fighting
 - Level 10.0 Short Blades
 - Level 7.3 Dodging
 - Level 6.0 Stealth
 - Level 6.3 Spellcasting
 - Level 5.2 Hexes
 - Level 4.2 Transmutations
 + Level 5.8 Evocations


You had 12 spell levels left.
You knew the following spells:

 Your Spells              Type           Power        Failure   Level  Hunger
b - Tukima's Dance        Hex            ###.....     4%          3    ##.....
c - Confuse               Hex            ###.....     4%          3    ##.....
d - Sticks to Snakes      Tmut           ###.....     3%          2    None


Dungeon Overview and Level Annotations

Branches:
Dungeon (8/15)             Temple (0/1) D:5
   Lair: D:8-11

Altars:
Ashenzari
Cheibriados
Dithmenos
Fedhas
Nemelex Xobeh
Uskayaw
Vehumet
Xom
Yredelemnul

Shops:
D:7 :   D:8 :


Innate Abilities, Weirdness & Mutations

You are tiny and cannot use many weapons and most armour.
You have supernaturally acute eyesight. (SInv)
You are a herbivore.
You cover ground extremely quickly.
You need consume almost no food.


Message History

You hit the yak but do no damage.
The yak is almost dead.
The yak gores you but does no damage.
The orc priest mumbles some strange prayers to Beogh against you.
Beogh smites you!
You completely miss the yak.
The yak is almost dead.
Casting: Confuse
Confirm with . or Enter, or press ? or * to list all spells.
Aiming: Confuse
Press: ? - help, Shift-Dir - straight line, f/p - yak
Aim: a yak (almost dead, slow, chance to defeat MR: 53%)
The yak appears confused.
The orc priest invokes the aid of Beogh against you.
Beogh smites you!
* * * LOW HITPOINT WARNING * * *
The yak gores the yak!
The orc priest mumbles some strange prayers to Beogh against you.
Beogh smites you!
You die...

..P....$Y.
.......[<....##...##
...P.P...Y.
#.....†)....#....#.
....♣.......
##.................
..♣..P......#
#.###.####........ #.#...#
#...##).#.
#.#.#####...###... .♣.
#.#.# #...####..#.
.....#####...###........#..
....oHYYY.@...#.....#####..
.l...YY##########.........)
.....oo ##>## #...#####.<
....o.. 8...8##...# #..
....... .....##...# ###
....... _..?.._#..##
.†..... #.....##.## .......
...8####


You could see 5 yaks, a hippogriff and an orc priest.

Vanquished Creatures
  A spriggan (D:7)
  A hungry ghost (D:7)
  A soldier ant (D:7)
  2 orc warriors
  A sky beast (D:7)
  3 ice beasts
  A phantom (D:7)
  3 ogres
  4 crocodiles (D:8)
  2 giant frogs
  A big kobold (D:8)
  A scorpion (D:8)
  4 wights (D:8)
  4 howler monkeys
  6 crimson imps
  4 hounds
  2 orc priests
  2 iguanas
  A jelly (D:8)
  5 orc wizards
  7 worker ants
  A hound skeleton (D:7)
  A hound zombie (D:6)
  4 gnolls
  8 adders
  2 river rats (D:8)
  An adder skeleton (D:7)
  An adder zombie (D:8)
  5 worms
  4 dart slugs
  6 giant geckos
  17 orcs
  A ball python (D:3)
  5 giant cockroaches
  9 goblins
  2 hobgoblins
  6 jackals
  2 quokkas
  8 bats
  2 giant newts
  12 kobolds
  12 rats
165 creatures vanquished.

Vanquished Creatures (collateral kills)
  An ogre (D:8)
  An orc priest (D:4)
  7 orcs
9 creatures vanquished.

Vanquished Creatures (others)
  3 dancing weapons
  2 bushes (D:8)
  4 fungi (D:8)
  9 plants (D:8)
18 creatures vanquished.

Grand Total: 192 creatures vanquished

Notes
Turn   | Place    | Note
-------+----------+-------------------------------------------
     0 | D:1      | TheGoonsmith the Spriggan Enchanter began the quest for the Orb.
     0 | D:1      | Reached XP level 1. HP: 9/9 MP: 5/5
   336 | D:1      | Reached XP level 2. HP: 13/13 MP: 6/6
   512 | D:1      | Reached skill level 2 in Short Blades
   881 | D:2      | Found a hide-covered altar of Uskayaw.
   883 | D:2      | Noticed a dagger
   883 | D:2      | Noticed a dagger
   896 | D:2      | Reached skill level 5 in Stealth
  1125 | D:1      | Reached XP level 3. HP: 10/16 MP: 8/8
  1292 | D:2      | Found a blossoming altar of Fedhas.
  1382 | D:2      | Learned a level 3 spell: Tukima's Dance
  1386 | D:2      | Learned a level 3 spell: Confuse
  1560 | D:2      | Reached skill level 3 in Short Blades
  1807 | D:2      | Reached XP level 4. HP: 21/21 MP: 9/9
  3348 | D:3      | Reached XP level 5. HP: 22/24 MP: 10/10
  3645 | D:3      | Reached skill level 4 in Short Blades
  4384 | D:4      | Found a shattered altar of Ashenzari.
  4419 | D:4      | Became a worshipper of Ashenzari the Shackled
  5214 | D:4      | Reached XP level 6. HP: 29/29 MP: 6/11
  5302 | D:4      | Reached skill level 1 in Fighting
  5704 | D:5      | Entered Level 5 of the Dungeon
  5749 | D:5      | Reached skill level 5 in Short Blades
  5775 | D:5      | Found a staircase to the Ecumenical Temple.
  6066 | D:5      | Noticed an ice beast
  6212 | D:4      | Identified the +2 robe "Ufocse" {rC++ Str+4} (You found it on level 4 of the Dungeon)
  6821 | D:5      | Killed an ice beast
  6989 | D:4      | Reached skill level 6 in Short Blades
  6989 | D:4      | Reached XP level 7. HP: 32/35 MP: 5/12
  7153 | D:5      | Found a shimmering altar of Xom.
  7416 | D:5      | Reached skill level 5 in Hexes
  7746 | D:6      | Reached skill level 5 in Spellcasting
  7803 | D:6      | Reached * piety under Ashenzari
  8003 | D:5      | Learned a level 2 spell: Sticks to Snakes
  8232 | D:6      | Reached XP level 8. HP: 39/39 MP: 13/18
  8249 | D:6      | Found a shadowy altar of Dithmenos.
  8287 | D:6      | Found a sparkling altar of Nemelex Xobeh.
  8522 | D:6      | Reached skill level 5 in Dodging
  9278 | D:7      | Reached skill level 1 in Transmutations
  9464 | D:7      | Found Avaepefa's Book Shop.
  9590 | D:7      | Reached skill level 7 in Short Blades
 10077 | D:8      | Found Nerod's Book Emporium.
 10126 | D:8      | Reached skill level 8 in Short Blades
 10212 | D:8      | Reached XP level 9. HP: 18/42 MP: 3/19
 10534 | D:8      | Reached skill level 9 in Short Blades
 10658 | D:8      | Found a basalt altar of Yredelemnul.
 11154 | D:8      | Reached skill level 10 in Short Blades
 11268 | D:8      | Reached skill level 1 in Evocations
 11651 | D:8      | Reached skill level 5 in Evocations
 11694 | D:8      | Found a snail-covered altar of Cheibriados.
 11694 | D:8      | Found a radiant altar of Vehumet.
 11731 | D:8      | Killed from afar by an orc priest

Vault maps used:
D:1:      tarquinn_simple_flora_water_f, minivault_23
D:2:      dancing_weapons_uskayaw, fedhas_altar_3, first_bread
D:4:      nicolae_ashenzari_panopticon
D:5:      led_xom_imps, minivault_1
D:6:      lemuel_coloured_pillars_altar, serial_glass, glass_columns_c,
          glass_columns_b, minmay_misc_feat_nine_boxes, grunt_dithmenos_smoke
D:7:      serial_shops, shop_statue, the_bakery
D:8:      nicolae_overflow_hidden_temple, overflow_temple_1_default,
          minmay_lair_entry_grove, serial_shops, nicolae_shop_trees

Skill      XL: |  1  2  3  4  5  6  7  8  9 |
---------------+----------------------------+-----
Short Blades   | 2 3 4 6 8 10 | 10.0
Stealth        | 5 6 |  6.0
Dodging        | 4 7 |  7.3
Spellcasting   | 3 6 |  6.3
Hexes          | 4 5 |  5.2
Fighting       | 2 |  2.0
Transmutations | 4 |  4.2
Evocations     | 5 |  5.8

Action                   |  1- 3 |  4- 6 |  7- 9 || total
-------------------------+-------+-------+-------++-------
Melee: Dagger            |   183 |   544 |   588 ||  1315
       War axe           |       |       |    12 ||    12
 Cast: Tukima's Dance    |       |    18 |    11 ||    29
       Confuse           |       |    25 |    54 ||    79
Invok: Curse Item        |       |     3 |       ||     3
Evoke: Wand              |       |       |    10 ||    10
  Use: Scroll            |       |     6 |     7 ||    13
 Stab: Sleeping          |     8 |     4 |    16 ||    28
       Confused          |       |    11 |    26 ||    37
       Distracted        |       |     1 |     4 ||     5
  Eat: Bread ration      |       |     2 |     1 ||     3
       Pizza             |       |     1 |       ||     1
Armor: Robe              |    34 |    42 |    30 ||   106
Dodge: Dodged            |   152 |   351 |   300 ||   803
